 Dungeon Crawl Stone Soup version 0.32-a0-40-g2adb59ae06 (webtiles) character file.

Game seed: 9990209683434121705

167 Dirtsage the Changeling (level 5, -4/51 HPs)
             Began as an Octopode Shapeshifter on Jan 24, 2024.
             Slain by Sigmund
             ... wielding a +2 scythe of venom
              (5 damage)
             ... on level 3 of the Dungeon.
             The game lasted 00:03:15 (1782 turns).

Dirtsage the Changeling (Octopode Shapeshifter)     Turns: 1782, Time: 00:03:16

Health: -4/51      AC:  1    Str: 18    XL:     5   Next: 48%
Magic:  5/5        EV: 13    Int: 11    God:
Gold:   112        SH:  0    Dex: 12    Spells: 4/4 levels left

rFire   . .          .
                       - Unarmed
rCold   . . .        (no shield)
rNeg    . . .        (helmet currently unavailable)
rPois   .            (no amulet)
rElec   .            (no ring)
rCorr   .            (no ring)
SInv    .            (no ring)
Will    +....        (no ring) Stlth
                     (no ring)
HPRegen 1.08/turn    (no ring)
MPRegen 0.09/turn    (no ring)
                     (no ring)

%: no passive effects
@: confused, berserking, lethally poisoned (-4 -> -6), beast-form, enlightened,
flying, hasted, very quick
A: beast (slay +2), almost no armour, amphibious, 8 rings, camouflage 1,
gelatinous body 1, (nimble swimmer 1), tentacles, regeneration 1, strong 1
a: Begin Untransformation


You were on level 3 of the Dungeon.
You were a hulking beast.
You visited 1 branch of the dungeon, and saw 3 of its levels.

You collected 112 gold pieces.

Inventory:

Talismans
 b - a beast talisman
 c - a flux talisman
Scrolls
 e - a scroll of fog {unknown}
 g - 2 scrolls of teleportation {unknown}
 h - 4 scrolls of identify {unknown}
 k - a scroll of revelation {unknown}
 l - a scroll of poison {unknown}
 m - a scroll of blinking {unknown}
Potions
 a - 2 potions of lignification
 f - a potion of mutation


   Skills:
 + Level 2.2 Fighting
 + Level 3.0 Dodging
 + Level 3.7 Unarmed Combat
 * Level 4.2 Shapeshifting


You had 4 spell levels left.
You didn't know any spells.
Your spell library contained the following spells:

 Spells                   Type           Power      Damage    Failure   Level
 Jinxbite                 Hex            0%         N/A       47%         2
 Yara's Violent Unravell  Hex/Alch       0%         3d3       100%        5
 Enfeeble                 Hex            0%         N/A       100%        7


Dungeon Overview and Level Annotations

Branches:
Dungeon (3/15)

Altars:
Yredelemnul

Annotations:
D:2 1 runed translucent door, Crazy Yiuf
D:3 Sigmund


Innate Abilities, Weirdness & Mutations

You are a hulking beast.
Your limbs bulge with bestial killing power. (Slay +2)
You cannot wear most types of armour.
You are amphibious.
You can wear up to eight rings at the same time.
Your skin changes colour to match your surroundings (Stealth+).
Your rubbery body absorbs attacks. (AC +1, EV +1)
((You are camouflaged when in or above water. (Stealth+)))
You have tentacles for arms and can constrict up to eight enemies at once.
Your natural rate of healing is unusually fast.
Your muscles are strong. (Str +4, Int/Dex -1)


Message History

You bludgeon the orc!
You kill the orc!
You barely miss the orc. You grab the orc. You tentacle-slap the orc.
You squeeze the orc.
You kill the orc!
Items here: ))) [ †.
Found a basalt altar of Yredelemnul.
Health restored: 34 You see here a +0 whip.
Sigmund the Dreaded comes into view.
He is wielding a +2 scythe of venom.
Sigmund shouts!
Sigmund gestures at you while chanting.
You are confused.
It was a potion of mutation.
You feel extremely strange.
You begin to heal more quickly.
You feel stronger.
Sigmund points at you and mumbles some strange words.
The puff of flame hits you!
You take 11 damage, and have 23/34 hp.
MASSIVE DAMAGE!!
It was a potion of haste.
You feel yourself speed up. Sigmund gestures at you while chanting.
The puff of flame hits you!
You take 10 damage, and have 13/34 hp.
MASSIVE DAMAGE!!
Sigmund hits you from afar with a +2 scythe of venom!
* * * LOW HITPOINT WARNING * * *
You are lethally poisoned!
You take 10 damage, and have 3/34 hp.
MASSIVE DAMAGE!!
It was a potion of enlightenment.
You feel very buoyant.
You fly up into the air.
* * * LOW HITPOINT WARNING * * *
You feel very sick.
You take 2 damage, and have 1/34 hp.
It was a potion of berserk rage.
A red film seems to cover your vision as you go berserk!
You feel yourself moving faster!
You feel mighty!
* * * LOW HITPOINT WARNING * * *
You feel sick.
Sigmund hits you from afar with a +2 scythe of venom.
You die...
Sigmund begins carving another notch in his scythe.

.# . ..# .##+# . ..'.
..?.. .
..#'########..... .
................. .
#................ ..
#.......@...... ..
#.....h....# ..
#..........# +
######....## . #
.........####.... #
.................. #
#..........#####.....
#
#....................
+
#.....#####..###....#
#
#...................#
#


You could see Sigmund.

Vanquished Creatures
  Jessica (D:2)
  Terence (D:3)
  An orc wizard (D:3)
  2 adders (D:2)
  2 ribbon worms
  2 dart slugs
  3 orcs (D:3)
  7 ball pythons
  6 bats
  An endoplasm (D:2)
  4 giant cockroaches
  5 goblins
  8 hobgoblins
  4 jackals (D:1)
  2 quokkas
  4 frilled lizards
  3 kobolds
  6 rats
62 creatures vanquished.

Notes
Turn   | Place    | Note
-------+----------+-------------------------------------------
     0 | D:1      | Dirtsage the Octopode Shapeshifter began the quest for the
                  | Orb.
     0 | D:1      | Reached XP level 1. HP: 13/13 MP: 1/1
   110 | D:1      | Reached XP level 2. HP: 15/18 MP: 2/2
   187 | D:1      | You fall into a shaft and drop 1 floor!
   283 | D:1      | Found a faded altar of an unknown god.
   514 | D:1      | Reached XP level 3. HP: 5/23 MP: 3/3
   861 | D:2      | Noticed Jessica
   869 | D:2      | Killed Jessica
   870 | D:2      | Reached XP level 4. HP: 28/29 MP: 4/4
  1212 | D:2      | Found a runed translucent door.
  1213 | D:2      | Noticed Crazy Yiuf
  1513 | D:3      | Noticed Terence
  1521 | D:3      | Reached skill level 4 in Shapeshifting
  1524 | D:3      | Killed Terence
  1525 | D:3      | Reached XP level 5. HP: 17/34 MP: 5/5
  1752 | D:3      | Found a basalt altar of Yredelemnul.
  1774 | D:3      | Noticed Sigmund
  1777 | D:3      | Gained mutation: Your natural rate of healing is unusually
                  | fast. [potion of mutation]
  1777 | D:3      | Gained mutation: Your muscles are strong. (Str +4, Int/Dex
                  | -1) [potion of mutation]
  1781 | D:3      | HP: 1/34 [poisoned by Sigmund]
  1782 | D:3      | Slain by Sigmund

Illustrated notes

Levels and vault maps discovered:
D:1:      wander_arrival_peaceful_grave, layout_basic, serial_glass,
          glass_columns_c, glass_columns_b, basic_ecumenical_altar
D:2:      layout_rooms, minmay_tree_intersection, uniq_jessica,
          uniq_crazy_yiuf_cottage
D:3:      layout_basic, nemelex_altar_shiori, lemuel_crystal_altar, uniq_robin,
          uniq_sigmund, uniq_terence

Skill      XL: |  1  2  3  4  5 |
---------------+----------------+-----
Fighting       | 2 |  2.2
Shapeshifting  | 4 |  4.2
Dodging        | 3 |  3.0
Unarmed Combat | |  3.7

Action                     |  1- 3 |  4- 6 || total
---------------------------+-------+-------++-------
  Melee: Unarmed           |    62 |    58 ||   120
         Constrict         |    13 |    22 ||    35
         Tentacles         |     9 |    15 ||    24
         Punch             |       |     3 ||     3
    Use: Potion            |       |     4 ||     4
   Stab: Sleeping          |     5 |     2 ||     7
 Armour: Skin              |    29 |    33 ||    62
  Dodge: Dodged            |    38 |    35 ||    73

Table legend: (Time is in decaauts)
 A = Elapsed time spent in this place.
 B = Non-inter-level travel time spent in this place.
 C = Inter-level travel time spent in this place.
 D = Time resting spent in this place.
 E = Time spent auto-exploring this place.
 F = Levels seen in this place.
 G = Mean time per level.
                   A        B        C        D        E       F      G
               +--------+--------+--------+--------+--------+-----+--------+
         Total |   1771 |   1703 |     68 |      0 |   1312 |   3 |  590.3 |
       Dungeon |   1771 |   1703 |     68 |      0 |   1312 |   3 |  590.3 |
               +--------+--------+--------+--------+--------+-----+--------+

Top non-repeatable levels by time:
     D:1: 817 daAuts
     D:2: 679 daAuts
     D:3: 275 daAuts
